 Dungeon Crawl Stone Soup version 0.29.0-11-gd7f09526c8 (webtiles) character file.

Game seed: 7569850569232288453

8282 Arcadio the Fighter (level 11, -1/142 HPs)
             Began as a Palentonga Fighter on Sept 5, 2022.
             Was a Believer of the Shining One.
             Slain by an eight-headed hydra (8 damage)
             ... on level 1 of the Lair of Beasts.
             The game lasted 00:30:27 (12759 turns).

Arcadio the Fighter (Palentonga Fighter)           Turns: 12759, Time: 00:30:27

Health: -1/142     AC: 25    Str: 26    XL:     11   Next: 7%
Magic:  13/13      EV:  1    Int:  9    God:    the Shining One [**....]
Gold:   361        SH: 12    Dex:  9    Spells: 10/10 levels left

rFire   . . .      SeeInvis +   j - +1 mace (vorpal)
rCold   . . .      Faith    .   c - +0 buckler
rNeg    + . .      Spirit   .   (body armour currently unavailable)
rPois   +          Reflect  .   (helmet currently unavailable)
rElec   .          Harm     .   (cloak currently unavailable)
rCorr   .          Rampage  .   (gloves currently unavailable)
Will    +....      NoTele   +   (no barding)
Stlth   +.........              r - amulet of magic regeneration
HPRegen 0.33/turn               v - ring of poison resistance
MPRegen 0.53/turn               k - ring of willpower

@: divinely shielded, tree-form, glowing
A: stationary, stasis, torment immunity, boosted hp, large, rugged brown scales
3, see invisible, (deformed body), (roll 1), (armoured tail), (reflexive curl)
a: Renounce Religion, Divine Shield


You were on level 1 of the Lair of Beasts.
You worshipped the Shining One.
The Shining One was pleased with you.
You were a tree.
You visited 3 branches of the dungeon, and saw 13 of its levels.

You collected 417 gold pieces.
You spent 56 gold pieces at shops.

Inventory:

Hand Weapons
 a - a +1 war axe of freezing
 j - a +1 vorpal mace (weapon)
 I - a +2 falchion of holy wrath
Armour
 c - a +0 buckler (worn)
 h - a +0 helmet (melded)
 m - +1 steam dragon scales (melded)
 J - the +1 Delatra's gloves (melded) {ID++}
   (You found it on level 6 of the Dungeon)

   It heals its wearer when they drink unknown potions.
   It restores its wearer's MP when they read unknown scrolls.
 K - a +0 cloak (melded)
Jewellery
 e - a ring of resist corrosion
 k - a ring of willpower (right branch)
 r - an amulet of magic regeneration (around neck)
 t - a ring of ice
 v - a ring of poison resistance (left branch)
 w - a +6 ring of dexterity
 G - a ring of fire
 M - a ring of protection from cold
Wands
 z - a wand of mindburst (9)
 F - a wand of flame (9)
Scrolls
 f - 3 scrolls of blinking
 u - 2 scrolls of teleportation {unknown}
 x - 2 scrolls of vulnerability {unknown}
 y - a scroll of fear {unknown}
 B - 2 scrolls of magic mapping {unknown}
 C - a scroll of poison {unknown}
 D - a scroll of fog {unknown}
 E - 2 scrolls of torment {unknown}
 O - a scroll of immolation {unknown}
 Q - a scroll of enchant weapon
 T - a scroll of summoning {unknown}
Potions
 d - 3 potions of brilliance
 g - 2 potions of lignification
 i - 3 potions of haste
 l - 4 potions of curing
 o - 3 potions of ambrosia
 p - 4 potions of attraction
 s - 2 potions of cancellation
 A - a potion of flight
 S - a potion of invisibility {unknown}
Miscellaneous
 R - a piece from Xom's chessboard (15/15)


   Skills:
 + Level 9.2 Fighting
 + Level 8.9 Axes
 - Level 5.7 Armour
 + Level 4.2 Dodging
 + Level 8.4 Shields
 - Level 2.7 Invocations


You had 10 spell levels left.
You didn't know any spells.
Your spell library contained the following spells:

 Spells                   Type           Power      Damage    Failure   Level
 Blink                    Tloc           0%         N/A       56%         2
 Ensorcelled Hibernation  Hex/Ice        0%         N/A       56%         2
 Passwall                 Tmut/Erth      0%         N/A       56%         2
 Conjure Flame            Conj/Fire      0%         6-21      80%         3
 Ignite Poison            Fire/Tmut/Pois 0%         N/A       80%         3
 Ozocubu's Armour         Ice            0%         N/A       80%         3
 Swiftness                Air            0%         N/A       80%         3
 Sticky Flame             Conj/Fire      0%         2d3       99%         4
 Manifold Assault         Tloc           0%         N/A       100%        5
 Ozocubu's Refrigeration  Ice            0%         4d7       100%        7
 Storm Form               Tmut/Air       0%         N/A       100%        7


Dungeon Overview and Level Annotations

Branches:
Dungeon (11/15) Zot: 26035  Temple (1/1) D:7 Zot: 5791    Lair (1/5) D:10 Zot: 5941
    Orc: D:9-12

Altars:
Ashenzari
Cheibriados
Dithmenos
Elyvilon
Fedhas
Gozag
Hepliaklqana
Kikubaaqudgha
Makhleb
Nemelex Xobeh
Okawaru
Qazlal
Ru
Sif Muna
Trog
Uskayaw
Vehumet
Wu Jian
Xom
Yredelemnul
Zin
The Shining One

Shops:
D:1 *   D:3 *   D:4 (


Innate Abilities, Weirdness & Mutations

You are a tree.
Your roots penetrate the ground, keeping you stationary.
You cannot be teleported.
You are immune to unholy pain and torment.
Your maximum health is greatly increased.
Your equipment is partially melded.
(You are completely covered in rugged brown scales. (AC +3, +7% HP))
You have supernaturally acute eyesight. (SInv)
((Armour fits poorly on your strangely shaped body.))
((You can roll at nearby foes to attack.))
((You have a long armoured tail.))
((You curl defensively after being hit. (AC +7*)))


Message History

You hit the eight-headed hydra.
The eight-headed hydra is lightly wounded.
The eight-headed hydra bites you.
You block the eight-headed hydra's attack.
The eight-headed hydra bites you but does no damage.
The eight-headed hydra bites you!
The eight-headed hydra bites you but does no damage. x3
The eight-headed hydra bites you!
You hit the eight-headed hydra.
The eight-headed hydra is lightly wounded.
The eight-headed hydra bites you but does no damage. x4
You block the eight-headed hydra's attack.
The eight-headed hydra bites you but does no damage.
The eight-headed hydra bites you. x2
You hit the eight-headed hydra.
The eight-headed hydra is lightly wounded.
You block the eight-headed hydra's attack.
The eight-headed hydra bites you.
You block the eight-headed hydra's attack.
The eight-headed hydra bites you.
The eight-headed hydra bites you but does no damage. x2
The eight-headed hydra bites you. The eight-headed hydra bites you!
You sock the eight-headed hydra!
The eight-headed hydra is moderately wounded.
You block the eight-headed hydra's attack.
The eight-headed hydra bites you!
* * * LOW HITPOINT WARNING * * *
The eight-headed hydra bites you.
* * * LOW HITPOINT WARNING * * *
The eight-headed hydra bites you but does no damage. x2
The eight-headed hydra bites you.
* * * LOW HITPOINT WARNING * * *
The eight-headed hydra bites you!
* * * LOW HITPOINT WARNING * * *
The eight-headed hydra bites you but does no damage. x3
The eight-headed hydra bites you!
* * * LOW HITPOINT WARNING * * *
You block the eight-headed hydra's attack.
The eight-headed hydra bites you!
You die...

.. ..........# ... #.#
#..#.##.#####..# #.#
#............... #.##
#..####......... ##..#
##...##...###....
.####...###.#..............
#.........D.....##...###...#
#..###...#####.####.## #.#.
...........♣##.# #.# .##
.####...##D.##.. #.. ..
###.###.##.## #.## .# #.#
#.##.# #.# #.# #.##^# .# #.#
#.#..# #.# #.# #.. ..# #.P
...


You could see an eight-headed hydra.

Vanquished Creatures
  A two-headed ogre (D:9)
  An elephant (D:10)
  A gargoyle (D:10)
  Maggie (D:6)
  Psyche (D:10)
  3 hornets
  Grinder (D:3)
  3 wyverns
  5 yaks (D:9)
  Eustachio (D:6)
  2 basilisks
  4 vampire mosquitoes (D:11)
  A water moccasin (D:9)
  2 ice beasts (D:8)
  Pargi (D:2)
  3 orc warriors
  A sky beast (D:6)
  3 black bears
  2 centaurs
  A phantom (D:6)
  3 kobold brigands
  4 bullfrogs
  5 wights (D:10)
  13 killer bees
  A howler monkey (D:5)
  A hound (D:7)
  3 orc priests
  Crazy Yiuf (D:6)
  2 jellies
  2 gnoll boudas
  2 iguanas
  20 orc wizards
  10 gnolls
  4 adders
  A shadow imp (D:8)
  4 white imps
  2 ufetubi
  A worm (D:5)
  A dart slug (D:4)
  31 orcs
  A bat zombie (D:8)
  6 endoplasms
  5 giant cockroaches
  12 goblins
  3 hobgoblins
  3 jackals (D:5)
  10 quokkas
  2 ball pythons (D:4)
  2 bats (D:3)
  2 frilled lizards
  A goblin skeleton (D:5)
  2 goblin zombies (D:5)
  2 hobgoblin zombies (D:5)
  20 kobolds
  2 kobold skeletons (D:5)
  2 kobold zombies (D:5)
  2 orc skeletons (D:5)
  5 rats
  2 rat zombies (D:8)
233 creatures vanquished.

Vanquished Creatures (others)
  17 fungi (D:5)
17 creatures vanquished.

Grand Total: 250 creatures vanquished

Notes
Turn   | Place    | Note
-------+----------+-------------------------------------------
     0 | D:1      | Arcadio the Palentonga Fighter began the quest for the Orb.
     0 | D:1      | Reached XP level 1. HP: 19/19 MP: 1/1
   247 | D:1      | Found Jacw's Assorted Antiques.
   576 | D:1      | Found a faded altar of an unknown god.
   737 | D:2      | Identified the +1 scale mail "Afuu" {rElec rPois rN+}
   752 | D:2      | Identified the +9 dagger "Boanic" {vamp, Fragile rElec
                  | Will- rCorr}
   757 | D:2      | Reached XP level 2. HP: 25/25 MP: 2/2
   818 | D:2      | Reached XP level 3. HP: 30/31 MP: 3/3
  1075 | D:3      | Noticed Grinder
  1075 | D:3      | Noticed Pargi
  1093 | D:2      | Killed Pargi
  1094 | D:2      | Reached XP level 4. HP: 25/39 MP: 4/4
  1584 | D:3      | Paralysed by Grinder for 2 turns
  1589 | D:3      | Killed Grinder
  1590 | D:3      | Reached skill level 4 in Fighting
  1590 | D:3      | Reached XP level 5. HP: 5/44 MP: 5/5
  1590 | D:3      | Reached XP level 6. HP: 6/51 MP: 6/6
  2152 | D:3      | Found a hide-covered altar of Uskayaw.
  2261 | D:3      | Found Sydwoiq's General Store.
  2272 | D:3      | Bought a scroll of identify for 28 gold pieces
  2272 | D:3      | Bought a scroll of identify for 28 gold pieces
  2732 | D:4      | Found a snail-covered altar of Cheibriados.
  2794 | D:4      | Found a shimmering altar of Xom.
  2794 | D:4      | Found a shimmering altar of Xom.
  2992 | D:4      | Found Caekes's Antique Weapon Shoppe.
  3219 | D:5      | Entered Level 5 of the Dungeon
  3290 | D:5      | You fall into a shaft and drop 3 floors!
  3317 | D:8      | Found a flagged portal.
  3338 | D:7      | Gained mutation: You curl defensively after being hit. (AC
                  | +7*) [Palentonga growth]
  3338 | D:7      | Reached XP level 7. HP: 24/58 MP: 7/7
  3753 | D:6      | Reached skill level 5 in Fighting
  3815 | D:5      | Found an ornate altar of the Wu Jian Council.
  3896 | D:5      | Found a glowing drain.
  4360 | D:5      | Found a glowing golden altar of the Shining One.
  4373 | D:5      | Became a worshipper of the Shining One
  4688 | D:6      | Noticed Eustachio
  4698 | D:6      | Killed Eustachio
  4699 | D:6      | Reached skill level 5 in Shields
  4699 | D:6      | Reached XP level 8. HP: 59/67 MP: 8/8
  4748 | D:6      | Reached skill level 5 in Axes
  4823 | D:6      | Noticed Maggie
  4841 | D:6      | Killed Maggie
  5141 | D:6      | Reached skill level 6 in Fighting
  5141 | D:6      | Reached skill level 5 in Armour
  5533 | D:6      | Found a runed translucent door.
  5534 | D:6      | Noticed Crazy Yiuf
  5932 | D:6      | Found the +1 Delatra's gloves {ID++}
  6084 | D:6      | Killed Crazy Yiuf
  6093 | D:6      | Identified the +10 hammer of Disembowelment {vamp, rElec}
  6143 | D:7      | Found a staircase to the Ecumenical Temple.
  6155 | Temple   | Entered the Ecumenical Temple
  6495 | D:7      | Reached XP level 9. HP: 75/75 MP: 9/9
  6553 | D:7      | Found a burning altar of Makhleb.
  6553 | D:7      | Found an iron altar of Okawaru.
  6553 | D:7      | Found a glowing silver altar of Zin.
  6553 | D:7      | Found a radiant altar of Vehumet.
  6560 | D:7      | Found a basalt altar of Yredelemnul.
  6565 | D:7      | Found a blossoming altar of Fedhas.
  7307 | D:8      | Reached skill level 7 in Fighting
  7307 | D:8      | Reached skill level 1 in Invocations
  7628 | D:8      | Reached * piety under the Shining One
  7762 | D:8      | Found an ancient bone altar of Kikubaaqudgha.
  8694 | D:9      | Reached skill level 1 in Dodging
  8979 | D:9      | Reached XP level 10. HP: 55/85 MP: 12/12
  8989 | D:9      | Reached skill level 8 in Fighting
  9431 | D:9      | Noticed a two-headed ogre
  9449 | D:9      | Killed a two-headed ogre
 10090 | D:10     | Entered Level 10 of the Dungeon
 10141 | D:10     | Found a shimmering blue altar of Sif Muna.
 10280 | D:10     | Found a staircase to the Lair.
 10280 | D:10     | Noticed an elephant
 10295 | D:10     | Killed an elephant
 10785 | D:10     | Noticed Psyche
 10804 | D:10     | Killed Psyche
 11274 | D:10     | Noticed a gargoyle
 11324 | D:10     | Killed a gargoyle
 11325 | D:10     | Reached skill level 9 in Fighting
 11357 | D:10     | Reached ** piety under the Shining One
 11703 | Lair:1   | Entered Level 1 of the Lair of Beasts
 11730 | Lair:1   | Noticed an eight-headed hydra
 11853 | D:11     | Reached XP level 11. HP: 95/95 MP: 13/13
 12106 | D:11     | Paralysed by a hornet for 2 turns
 12420 | D:11     | Noticed a skeletal warrior
 12420 | D:11     | Noticed a skeletal warrior
 12759 | Lair:1   | HP: 7/142 [eight-headed hydra (12)]
 12759 | Lair:1   | Slain by an eight-headed hydra

Illustrated notes

Levels and vault maps discovered:
D:1:      dpeg_arrival_fog, layout_rooms, serial_shops,
          nicolae_shop_behind_doors,
          dreamdust_ecumenical_altar_hidden_monk_grotto
D:2:      layout_basic, hangedman_decor_peaks_small
D:3:      layout_loops_ring, mainiacjoe_overflow_six_doors_small, serial_shops,
          shop, kennysheep_flooded_box, uniq_pargi, uniq_grinder
D:4:      layout_rooms, xom_redecorated, mainiacjoe_overflow_brackets,
          serial_curves, eino_curves_01, eino_curves_02, serial_shops,
          shop_statue
D:5:      layout_loops_cross, nicolae_tso_besieged_by_evil,
          mainiacjoe_overflow_24_doors, gup_sewer_entry_bubbles,
          serial_aquarium, aquarium_bridge_straight [aquarium_subvault_bridge,
          aquarium_subvault_wall, aquarium_subvault_bridge,
          aquarium_subvault_wall], aquarium_window_1,
          aquarium_window_corridor_3, aquarium_view_2d, aquarium_view_2b,
          aquarium_balcony_1a
D:6:      layout_loops_ring, pf_guarded_unrand_delatra, uniq_maggie,
          uniq_crazy_yiuf_cottage, uniq_eustachio
D:7:      layout_cave_pools, minmay_overflow_temple_hex,
          minmay_temple_entry_waves, bh_walls_and_bars
D:8:      minmay_flawed_box, layout_basic, lemuel_zombie_altar_kikubaaqudgha,
          enter_bailey_3
D:9:      layout_layer_cave
D:10:     layout_loops_corners, nicolae_sif_muna_condensation,
          david_lair_generic, uniq_psyche
D:11:     layout_rooms, uniq_erolcha
Temple:   compressed_dpeg_triangle_lava_temple
Lair:1:   layout_loops_ring, minmay_lair_oklob_bushes, serial_bayou_pond_b,
          minivault_26, minivault_24, minmay_hedge_maze

Skill      XL: |  1  2  3  4  5  6  7  8  9 10 |
---------------+-------------------------------+-----
Shields        | 3 4 5 6 7 8 |  8.4
Axes           | 3 4 6 7 8 |  8.9
Armour         | 3 4 5 |  5.7
Fighting       | 4 5 6 7 9 |  9.2
Invocations    | 2 |  2.7
Dodging        | 1 4 |  4.2

Action                   |  1- 3 |  4- 6 |  7- 9 | 10-12 || total
-------------------------+-------+-------+-------+-------++-------
Melee: War axe           |    43 |   108 |   275 |   136 ||   562
       Tailslap          |     4 |     7 |    40 |    19 ||    70
       Mace              |       |       |       |     4 ||     4
Invok: Divine Shield     |       |       |       |     3 ||     3
 Abil: Rolling Charge    |     6 |    12 |    12 |     5 ||    35
Evoke: Wand              |       |       |       |     5 ||     5
  Use: Scroll            |     2 |    10 |       |     3 ||    15
       Potion            |       |     1 |     3 |     3 ||     7
Armor: Scale mail        |    27 |    57 |    58 |       ||   142
       Steam dragon scal |       |       |   117 |    83 ||   200
       Skin              |       |       |       |    25 ||    25
Dodge: Dodged            |    21 |    42 |   144 |    78 ||   285
Block: Buckler           |     6 |    26 |    76 |    47 ||   155
